 Dungeon Crawl Stone Soup version 0.30.0-5-g1a98f26d00 (webtiles) character file.

Game seed: 18056889151787438404

2622 monsoonserge the Spear-Bearer (level 10, -2/129 HPs)
             Began as a Meteoran Chaos Knight on May 11, 2023.
             Was a Plaything of Xom.
             Shot with an arrow by something (8 damage)
             ... on level 8 of the Dungeon.
             The game lasted 00:27:26 (2543 turns).

monsoonserge the Spear-Bearer (MeCK)                Turns: 2543, Time: 00:27:27

Health: -2/129     AC: 25    Str: 22    XL:     10   Next: 14%
Magic:  11/11      EV:  2    Int: 14    God:    Xom [....*.]
Gold:   283        SH:  8    Dex: 18    Spells: 9/9 levels left

rFire   . . .        f - +1 spear (venom)
rCold   . . .        D - +2 buckler
rNeg    . . .        C - melded +3 leather armour
rPois   +            r - melded +0 hat {Will+}
rElec   .            (cloak currently unavailable)
rCorr   .            (gloves currently unavailable)
SInv    .            (boots currently unavailable)
Will    +....        s - amulet of regeneration
Stlth   +            A - +6 ring of dexterity
HPRegen 1.21/turn    (no ring)
MPRegen 0.12/turn

%: no passive effects
@: tree-form, slowed, glowing, very slow
A: stationary, stasis, torment immunity, boosted hp, sense surroundings 2,
otherworldly, glowing, explore regen, (antennae 2), (large bone plates 1), (fire
resistance 1), (poison resistance), (electricity resistance), strong 1,
evolution 1, noise suppression
a: Renounce Religion


You were on level 8 of the Dungeon.
You worshipped Xom.
You were a beloved toy of Xom.
You were a tree.
You visited 3 branches of the dungeon, and saw 10 of its levels.

You collected 283 gold pieces.

Inventory:

Hand Weapons
 f - a +1 spear of venom (weapon)
Missiles
 g - 5 boomerangs
 t - 6 atropa-tipped darts
 x - 5 datura-tipped darts
 H - 10 poisoned darts (quivered)
Armour
 r - a +0 hat of willpower (melded)
 C - a +3 leather armour (melded)
 D - a +2 buckler (worn)
Jewellery
 s - an amulet of regeneration (around neck)
 A - a +6 ring of dexterity (left branch)
 E - a ring of fire
Wands
 a - a wand of paralysis (9)
 z - a wand of polymorph (8)
Scrolls
 i - a scroll of acquirement {unknown}
 j - 3 scrolls of teleportation
 k - a scroll of amnesia {unknown}
 l - 3 scrolls of enchant armour {unknown}
 m - 5 scrolls of identify {unknown}
 u - 3 scrolls of vulnerability {unknown}
 v - 4 scrolls of fog
 w - 2 scrolls of enchant weapon {unknown}
 y - a scroll of summoning {unknown}
 B - a scroll of silence {unknown}
 G - a scroll of poison {unknown}
Potions
 b - a potion of attraction {unknown}
 d - a potion of heal wounds {unknown}
 e - 2 potions of curing
 h - a potion of mutation {unknown}
 n - a potion of might
 o - a potion of haste
 p - a potion of lignification
 q - a potion of cancellation {unknown}
 F - a potion of flight {unknown}
Miscellaneous
 c - a piece from Xom's chessboard (14/15)


   Skills:
 + Level 7.0 Fighting
 + Level 4.0(7.2) Axes
 + Level 9.5(9.9) Polearms
 + Level 1.0 Throwing
 - Level 4.0 Armour
 + Level 5.2 Dodging
 + Level 0.3 Stealth
 + Level 6.2 Shields
 - Level 3.0 Evocations


You had 9 spell levels left.
You didn't know any spells.
Your spell library contained the following spells:

 Spells                   Type           Power      Damage    Failure   Level
 Sublimation of Blood     Necr           0%         N/A       45%         2
 Wereblood                Tmut           0%         N/A       45%         2
 Ignite Poison            Fire/Tmut/Pois 0%         N/A       71%         3
 Sticky Flame             Conj/Fire      0%         2d3       98%         4
 Summon Lightning Spire   Summ/Air       0%         N/A       98%         4
 Storm Form               Tmut/Air       0%         N/A       100%        7
 Summon Hydra             Summ           0%         N/A       100%        7
 Ignition                 Fire           0%         3d3       100%        8
 Maxwell's Capacitive Co  Air            0%         ∞         100%        8


Dungeon Overview and Level Annotations

Branches:
Dungeon (8/15) Zot: 2270   Temple (1/1) D:6 Zot: 592    Lair (1/5) D:8 Zot: 595

Altars:
Ashenzari
Elyvilon
Kikubaaqudgha
Makhleb
Qazlal
Ru
Trog
Wu Jian

Annotations:
D:5 Dowan, Duvessa, Pikel


Innate Abilities, Weirdness & Mutations

You are a tree.
Your roots penetrate the ground, keeping you stationary.
You cannot be teleported.
You are immune to unholy pain and torment.
Your maximum health is greatly increased.
Your equipment is partially melded.
You passively map the area around you.
You are easily found by Zot.
You glow in the dark.
You regain HP and MP as you explore.
((You have a pair of antennae on your head.))
((You are partially covered in large bone plates. (SH +4)))
((Your flesh is heat resistant. (rF+)))
((Your system is resistant to poisons. (rPois)))
((You are resistant to electric shocks. (rElec)))
Your muscles are strong. (Str +4, Int/Dex -1)
You have hidden genetic potential.
You passively dampen the noise of your surroundings.


Message History

The arrow hits you!
The centaur shoots an arrow.
The arrow hits you!
The centaur shoots an arrow.
The arrow closely misses you.
You see here a +0 leather armour.
You make a move on Xom's chessboard...
The centaur flickers and vanishes!
Deactivating autopickup; reactivate with Ctrl-A.
You hear a bow twang.
An arrow appears from out of thin air!
The arrow hits you!
You hear a bow twang.
An arrow appears from out of thin air!
The arrow hits you!
* * * LOW HITPOINT WARNING * * *
Okay, then.
You hear a bow twang.
An arrow appears from out of thin air!
The arrow hits you!
* * * LOW HITPOINT WARNING * * *
You hear a bow twang.
An arrow appears from out of thin air!
The arrow hits you.
* * * LOW HITPOINT WARNING * * *
Okay, then.
You hear a bow twang.
An arrow appears from out of thin air!
The arrow hits you.
* * * LOW HITPOINT WARNING * * *
Okay, then.
As you read the scroll of teleportation, it crumbles to dust.
You feel strangely unstable.
You hear a bow twang.
An arrow appears from out of thin air!
The arrow hits you!
* * * LOW HITPOINT WARNING * * *
You hear a bow twang.
An arrow appears from out of thin air!
The arrow hits you!
* * * LOW HITPOINT WARNING * * *
It was a potion of lignification.
You turn into a tree.
Your +0 hat of willpower melds into your body.
Your +3 leather armour melds into your body.
You feel less strong-willed.
Your roots penetrate the ground.
You feel strangely stable.
Xom thinks this is hilarious!
You hear a bow twang.
An arrow appears from out of thin air!
The arrow hits you!
You die...
PP..PPPPP.PPP...PP.

♣♣...♣♣♣..P♣ ♣P.P♣ ,..
♣P..♣ ♣...♣ ♣P..♣ ...
♣♣..P♣♣♣..P♣♣♣..P♣♣♣...*
..P...PPP.P..PP.PP.....
......................^*
.P.....P..P..PP.PPP.P.
♣♣..P♣♣♣..P♣♣♣P..♣♣*,.
♣...♣ ♣...♣ ♣..♣♣ , #
♣...♣ ♣P.P♣♣♣...♣♣♣...#
P....P.P...PP...[...P..#
..............!........#
###############....{...#
##########


There were no monsters in sight!

Vanquished Creatures
  Gastronok (D:8)
  An ice beast (D:6)
  2 sky beasts (D:8)
  A black bear (D:7)
  A tengu (D:7)
  An ogre (D:6)
  A centaur (D:5)
  2 phantoms
  A kobold brigand (D:6)
  2 scorpions
  3 orc priests
  2 hounds (D:6)
  Ijyb (D:4)
  3 iguanas (D:6)
  2 sleepcaps
  Natasha (twice) (D:3)
  2 orc wizards
  3 gnolls
  10 adders
  2 shadow imps
  A white imp (D:7)
  An ufetubus (D:6)
  2 worms (D:3)
  4 dart slugs
  7 orcs
  A ball python (D:1)
  7 endoplasms
  A giant cockroach (D:4)
  3 goblins
  5 hobgoblins
  2 jackals (D:3)
  3 quokkas
  3 bats
  2 frilled lizards (D:2)
  6 kobolds
  2 rats
93 creatures vanquished.

Vanquished Creatures (others)
  An ice beast (D:6)
1 creature vanquished.

Grand Total: 94 creatures vanquished

Notes
Turn   | Place    | Note
-------+----------+-------------------------------------------
     0 | D:1      | monsoonserge the Meteoran Chaos Knight began the quest for
                  | the Orb.
     0 | D:1      | Reached XP level 1. HP: 19/19 MP: 2/2
    17 | D:1      | XOM: divination: magic mapping
    48 | D:1      | Found a faded altar of an unknown god.
    58 | D:1      | XOM: butterfly on damage
    60 | D:1      | Reached XP level 2. HP: 13/26 MP: 3/3
   159 | D:1      | Reached XP level 3. HP: 31/31 MP: 4/4
   177 | D:1      | Reached skill level 1 in Evocations
   245 | D:2      | Reached XP level 4. HP: 40/40 MP: 5/5
   475 | D:3      | Found an ornate altar of the Wu Jian Council.
   493 | D:3      | XOM: give mutations
   493 | D:3      | Gained mutation: You are occasionally teleported next to
                  | monsters. [Xom's mischief]
   493 | D:3      | Lost mutation: You are occasionally teleported next to
                  | monsters. [Xom's mischief]
   493 | D:3      | Gained mutation: You have a pair of small antennae on your
                  | head. [Xom's mischief]
   493 | D:3      | Gained mutation: You are resistant to electric shocks.
                  | (rElec) [Xom's mischief]
   530 | D:3      | Noticed a scorpion
   539 | D:3      | Killed a scorpion
   540 | D:3      | Reached skill level 2 in Polearms
   540 | D:3      | Reached XP level 5. HP: 43/47 MP: 6/6
   589 | D:3      | XOM: 1-stop teleportation journey
   591 | D:3      | Found an ancient bone altar of Kikubaaqudgha.
   698 | D:3      | Found a burning altar of Makhleb.
   720 | D:3      | XOM: give mutations
   720 | D:3      | Gained mutation: You are partially covered in large bone
                  | plates. (SH +4) [Xom's grace]
   720 | D:3      | Gained mutation: Your system is resistant to poisons.
                  | (rPois) [Xom's grace]
   755 | D:3      | Found a white marble altar of Elyvilon.
   783 | D:3      | XOM: god gift: 6 stones
   791 | D:3      | Found a bloodstained altar of Trog.
   791 | D:3      | Noticed Natasha
   814 | D:3      | Killed Natasha
   815 | D:3      | Reached skill level 3 in Polearms
   815 | D:3      | Reached XP level 6. HP: 54/55 MP: 7/7
  1110 | D:4      | XOM is BORED!
  1110 | D:4      | XOM: summons 3 hostile shadow creatures
  1130 | D:4      | XOM: god gift: bubbling white potion {god gift}
  1160 | D:4      | Reached skill level 1 in Shields
  1268 | D:4      | Found a sacrificial altar of Ru.
  1319 | D:4      | XOM: summons friendly ufetubus
  1328 | D:4      | XOM: confuse monster(s)
  1331 | D:4      | Reached skill level 5 in Fighting
  1331 | D:4      | Reached skill level 4 in Polearms
  1331 | D:4      | Reached XP level 7. HP: 58/61 MP: 8/8
  1347 | D:3      | Noticed Natasha
  1351 | D:3      | XOM: give mutation
  1351 | D:3      | Gained mutation: You passively dampen the noise of your
                  | surroundings. [Xom's grace]
  1354 | D:3      | Killed Natasha
  1372 | D:4      | Noticed Ijyb
  1401 | D:4      | Killed Ijyb
  1444 | D:5      | Entered Level 5 of the Dungeon
  1496 | D:5      | Noticed Pikel
  1496 | D:5      | Noticed Duvessa
  1498 | D:5      | Noticed Dowan
  1513 | D:5      | XOM: enchant monster (good)
  1654 | D:5      | a scorpion changed into a shapeshifter
  1654 | D:5      | Noticed a shapeshifter (shapeshifter)
  1654 | D:5      | XOM: polymorph scorpion -> shapeshifter
  1655 | D:5      | a shapeshifter changed into a harpy
  1655 | D:5      | Noticed a harpy (shapeshifter)
  1659 | D:5      | XOM: divination: magic mapping
  1667 | D:5      | a harpy changed into a komodo dragon
  1667 | D:5      | Noticed a komodo dragon (shapeshifter)
  1669 | D:5      | HP: 1/61 [komodo dragon (shapeshifter) (24)]
  1685 | D:5      | Noticed a spriggan
  1690 | D:5      | XOM: destruction
  1707 | D:5      | XOM: confuse monster(s)
  1744 | D:6      | XOM: enchant monster (good)
  1748 | D:6      | XOM: summons friendly ufetubus
  1773 | D:6      | Reached skill level 5 in Polearms
  1773 | D:6      | Reached XP level 8. HP: 63/68 MP: 9/9
  1858 | D:6      | XOM: enchant monster (good)
  1866 | D:6      | XOM: divination: magic mapping
  1878 | D:6      | Reached skill level 6 in Polearms
  1899 | D:6      | Found a staircase to the Ecumenical Temple.
  1908 | Temple   | Entered the Ecumenical Temple
  1953 | D:6      | XOM: confuse monster(s)
  1987 | D:6      | XOM: smoke on damage
  2020 | D:6      | Found a broken altar of Ashenzari.
  2178 | D:7      | Gained mutation: You passively map the area around you.
                  | [Meteoran growth]
  2178 | D:7      | Reached XP level 9. HP: 65/75 MP: 10/10
  2229 | D:7      | XOM: polymorph ice beast -> tengu
  2236 | D:7      | Reached skill level 7 in Polearms
  2264 | D:7      | XOM: give mutations
  2264 | D:7      | Gained mutation: You have a pair of antennae on your head.
                  | [Xom's grace]
  2264 | D:7      | Gained mutation: You have hidden genetic potential. [Xom's
                  | grace]
  2264 | D:7      | Gained mutation: Your flesh is heat resistant. (rF+) [Xom's
                  | grace]
  2369 | D:8      | XOM: fog
  2379 | D:8      | Reached skill level 5 in Shields
  2380 | D:8      | Found a staircase to the Lair.
  2399 | Lair:1   | Entered Level 1 of the Lair of Beasts
  2399 | Lair:1   | Noticed a blink frog
  2399 | Lair:1   | Noticed a blink frog
  2399 | Lair:1   | Noticed a blink frog
  2399 | Lair:1   | Noticed a blink frog
  2432 | D:8      | Found a stormy altar of Qazlal.
  2464 | D:8      | Noticed Gastronok
  2493 | D:8      | XOM: cleaving
  2495 | D:8      | Killed Gastronok
  2496 | D:8      | Reached skill level 9 in Polearms
  2496 | D:8      | Reached skill level 1 in Throwing
  2496 | D:8      | Reached skill level 5 in Dodging
  2496 | D:8      | Reached XP level 10. HP: 39/86 MP: 11/11
  2496 | D:8      | Gained mutation: Your muscles are strong. (Str +4, Int/Dex
                  | -1) [hidden potential]
  2542 | D:8      | HP: 2/86 [something (7)]
  2543 | D:8      | Shot with an arrow by something

Illustrated notes

Levels and vault maps discovered:
D:1:      dpeg_arrival_court, layout_rooms, hellmonk_ecumenical_altar_run_dry,
          corexii_leaking_fountain, supply_closet_lemuel
D:2:      layout_basic
D:3:      layout_loops_ring, lemuel_tele_altar, kiku_gazebo_pond_becter,
          nicolae_overflow_hidden_temple, elyvilon_altar_5,
          mainiacjoe_overflow_swirl, grunt_ministairs_2, uniq_natasha
D:4:      nicolae_cairo_tiling_large, layout_basic,
          mainiacjoe_overflow_alcove_2, saegor_snake_ambush, uniq_ijyb
D:5:      layout_cave_pods, uniq_duvessa, uniq_pikel
D:6:      layout_cave_pools, old_standard_altar,
          mainiacjoe_overflow_cross_hatched, lemuel_temple_firewalk_b
D:7:      layout_loops_corners, uniq_joseph
D:8:      gammafunk_corrupted_shrine, layout_rooms,
          mainiacjoe_overflow_six_doors_small, mainiacjoe_overflow_alcove_4,
          lair_entry_dummy, serial_shops, shop, kennysheep_boxes, uniq_gastronok
Temple:   jpeg_temple_clearing
Lair:1:   layout_cave_pods

Skill      XL: |  1  2  3  4  5  6  7  8  9 |
---------------+----------------------------+-----
Axes           | 4 |  4.0
Evocations     | 1 2 3 |  3.0
Fighting       | 4 5 7 |  7.0
Armour         | 3 4 |  4.0
Polearms       | 2 3 4 5 6 9 |  9.5
Dodging        | 2 3 4 5 |  5.2
Shields        | 1 3 4 6 |  6.2
Throwing       | 1 |  1.0
Stealth        | |  0.3

Action                     |  1- 3 |  4- 6 |  7- 9 | 10-12 || total
---------------------------+-------+-------+-------+-------++-------
  Melee: Hand axe          |    14 |       |       |       ||    14
         Spear             |    29 |   137 |   254 |     1 ||   421
  Throw: Dart              |       |       |     3 |       ||     3
  Evoke: Piece from Xom's  |       |       |     7 |     1 ||     8
    Use: Scroll            |       |       |     2 |     1 ||     3
         Potion            |       |       |     2 |     1 ||     3
   Stab: Paralysed         |       |       |     2 |       ||     2
 Armour: Leather armour    |    14 |    26 |    32 |       ||    72
         Skin              |       |       |     3 |       ||     3
  Dodge: Dodged            |    16 |    23 |    54 |     1 ||    94
  Block: Kite shield       |       |    44 |    31 |       ||    75
         Buckler           |       |       |    66 |     2 ||    68
